[Event "*** Titled Tuesday Blitz"]
[Site "Chess.com"]
[Date "2018.12.04"]
[Round "10"]
[White "vugarrasulov"]
[Black "AndrBaryshpolets"]
[Result "1-0"]
[WhiteElo "2801"]
[BlackElo "2576"]
[TimeControl "180+2"]
[EndTime "15:23:13 PST"]
[Termination "vugarrasulov won by resignation"]

1. d4 d5 2. Nf3 Nf6 3. c4 e6 4. Nc3 Be7 5. Bf4 O-O 6. e3 Nbd7 7. cxd5 Nxd5 8. Nxd5 exd5 9. Bd3 Bb4+ 10. Ke2 c5 11. a3 Ba5 12. dxc5 Nxc5 13. b4 Nxd3 14. Qxd3 Bb6 15. Rad1 Be6 16. Ng5 g6 17. h4 Rc8 18.
Nxe6 fxe6 19. h5 g5 20. Be5 Rf5 21. Ba1 Qf8 22. f3 Qd6 23. Rc1 Rff8 24. h6 Qg3 25.
Rcg1 Rc4 26. Rh3 Qc7 27. Rd1 Rc2+ 28. Kf1 Qc4 29. Qxc4 Rxc4 30. Ke2 Kf7 31. Rg3 Kg6 32. f4 Rf5 33. Kd3 Kxh6 34. Rh1+ Kg6 35. Rgh3 Rf7 36. Rh6+ Kf5 37. fxg5 Bd8 38. Rxh7 Rxh7 39. Rxh7 Bxg5 40. Rxb7 a5 41. Bd4 axb4 42. axb4 e5 43. Bc5 e4+ 44.
Ke2 Rc2+ 45. Kd1 Rxg2 46. b5 Kg4 47. b6 Rb2 48. Bd4 Rb5 49. Rg7 Kf5 50. b7 Bh4 51. Ba7 Bf6 52. Rf7 1-0

[Event "*** Titled Tuesday Blitz"]
[Site "Chess.com"]
[Date "2018.12.04"]
[Round "10"]
[White "m3alam"]
[Black "AndrewMcStone"]
[Result "1-0"]
[WhiteElo "2182"]
[BlackElo "2122"]
[TimeControl "180+2"]
[EndTime "15:23:13 PST"]
[Termination "m3alam won by resignation"]

1. d4 Nf6 2. Nf3 g6 3. g3 Bg7 4.
Bg2 O-O 5. O-O d6 6. c4 c6 7.
Nc3 Qa5 8. h3 Be6 9. Qc2 Bxc4 10. b3 Be6 11. e4 Na6 12. a3 Qb6 13. b4 Rac8 14. Be3 Qc7 15. Rac1 d5 16. e5 Bf5 17. Qb2 Ne4 18. Nxd5 Qd7 19. Nf4 g5 20. Nh5 Bxh3 21. Nxg7 Kxg7 22. d5 Kg8 23. e6 fxe6 24. Bxh3 Qxd5 25.
Nd4 Rf6 26. Rfd1 g4 27. Bxg4 Nxf2 28. Bxf2 Rh6 29. Bf3 Qg5 30. Qd2 Qg7 31. Qe3 Rf8 32. Nxe6 Rxf3 33. Nxg7 Rxe3 34. Nf5 Rxa3 35. Nxh6+ Kg7 36.
Nf5+ Kf6 37. Ne3 Nxb4 38. Ra1 1-0

[Event "*** Titled Tuesday Blitz"]
[Site "Chess.com"]
[Date "2018.12.04"]
[Round "10"]
[White "snowlord"]
[Black "Orest_Vovk"]
[Result "0-1"]
[WhiteElo "2610"]
[BlackElo "2438"]
[TimeControl "180+2"]
[EndTime "15:23:17 PST"]
[Termination "Orest_Vovk won by resignation"]

1. e4 h6 2. h4 g5 3. hxg5 Bg7 4. gxh6 Bxh6 5. d4 Bd2+ 6. Bxd2 Rxh1 7. Nf3 d5 8. exd5 Qxd5 9. Nc3 Qe6+ 10. Be3 b6 11.
Qd2 Ba6 12. O-O-O Rxf1 13. Rxf1 Bxf1 14. d5 Qg4 15. d6 c6 16. Ne5 Qe6 17. dxe7 Nxe7 18.
Nf3 Bxg2 19. Ng5 Qf5 20. Qd4 Nd7 21. Qh8+ Nf8 22. Qh2 Bd5 23. Qc7 Qd7 24. Qe5 O-O-O 25.
Bf4 Kb7 26. Bh2 Nfg6 27. Qe2 Bc4 28. Qe1 Qf5 29. Nge4 Qe6 30. f3 f5 31. Qg3 Qd7 32.
Nd6+ Qxd6 33. Qxd6 Rxd6 34. Bxd6 Nd5 35. Nd1 Be2 36. b3 Bxf3 37. Nf2 Nc3 38. Kd2 Ne4+ 39. Ke3 Nxf2 40. Kxf3 Ne4 41. Bh2 c5 42. Ke3 Kc6 43.
Bb8 a6 44. a4 b5 45. axb5+ axb5 46. c4 b4 47. Ba7 Ng5 48. Bb8 Ne6 0-1

[Event "*** Titled Tuesday Blitz"]
[Site "Chess.com"]
[Date "2018.12.04"]
[Round "10"]
[White "Panchenko_Dmitry"]
[Black "josmito10"]
[Result "0-1"]
[WhiteElo "2557"]
[BlackElo "2702"]
[TimeControl "180+2"]
[EndTime "15:23:19 PST"]
[Termination "josmito10 won by resignation"]

1. e4 c5 2. Nf3 g6 3. d4 cxd4 4. Nxd4 Bg7 5. Nc3 Nc6 6. Be3 Nf6 7. Nxc6 dxc6 8. Qxd8+ Kxd8 9. O-O-O+ Nd7 10. Bd4 Bxd4 11. Rxd4 e5 12. Rd2 Ke7 13. g3 Nc5 14. f4 Re8 15. Bg2 a5 16. Rf1 Kf8 17. f5 b5 18. Rd6 b4 19. Rxc6 Ba6 20. Rf2 Rac8 21. Rxa6 Nxa6 22. Nd5 Kg7 23. f6+ Kf8 24. Bf1 Nc5 25. Re2 Red8 26.
Bg2 Rc6 27. Rd2 Rdd6 28. Kd1 Nd7 29. Rd3 Nxf6 30. a3 bxa3 31. Rxa3 Rc5 32. b3 Nxd5 33.
exd5 f5 34. c4 e4 35. Kd2 Ke7 36. Ke3 Rb6 37. Kd4 Kd6 38. g4 Rb4 39. gxf5 gxf5 40. Kc3 Ke5 41. Ra1 Rb6 42. Rf1 Rg6 43. Bh3 f4 44. b4 axb4+ 45. Kxb4 Rc7 46. Ra1 Rb6+ 47. Kc3 f3 48. Re1 Rd6 49. Kb4 Kf4 50. Be6 e3 51. c5 Rxe6 52. dxe6 f2 0-1

[Event "*** Titled Tuesday Blitz"]
[Site "Chess.com"]
[Date "2018.12.04"]
[Round "10"]
[White "GhostOfGreenval"]
[Black "jefferyx"]
[Result "1/2-1/2"]
[WhiteElo "2852"]
[BlackElo "2784"]
[TimeControl "180+2"]
[EndTime "15:23:20 PST"]
[Termination "Game drawn by agreement"]

1. e4 c5 2. Nf3 d6 3. d4 Nf6 4. Nc3 cxd4 5. Nxd4 a6 6. Bg5 e6 7. f4 h6 8. Bh4 Qb6 9. Qd2 Qxb2 10. Rb1 Qa3 11.
e5 dxe5 12. fxe5 g5 13. exf6 gxh4 14. Be2 e5 15. Nf3 Nc6 16. O-O h3 17. g3 Be6 18.
Rxb7 Rd8 19. Bd3 Bb4 20. Nb1 Bxd2 21. Nxa3 Be3+ 22. Kh1 Bd5 23. Bc4 Be4 24. Bd3 Bd5 25. Bc4 Bxf3+ 26. Rxf3 e4 27. Bxf7+ Kf8 28. Rf1 Na5 29.
Re7 Bc5 30. Re5 Bxa3 31. Rxa5 Kxf7 32. Rxa3 Rd2 33. g4 Rc8 34. Rxh3 Rcxc2 35. Rxh6 e3 36. Re1 Rxa2 37. Kg1 Rg2+ 38. Kh1 Rxg4 39. Rh3 e2 40.
Re3 1/2-1/2

[Event "*** Titled Tuesday Blitz"]
[Site "Chess.com"]
[Date "2018.12.04"]
[Round "10"]
[White "GadimbayliA"]
[Black "KenanGarayev"]
[Result "1-0"]
[WhiteElo "2711"]
[BlackElo "2777"]
[TimeControl "180+2"]
[EndTime "15:23:21 PST"]
[Termination "GadimbayliA won by checkmate"]

1. e4 e6 2. d4 d5 3. Nd2 c5 4. exd5 exd5 5. Ngf3 Nc6 6. Bb5 Qe7+ 7. Qe2 Qxe2+ 8.
Kxe2 cxd4 9. Nxd4 Bd7 10. N2b3 a6 11. Bd3 Nf6 12. Be3 Bd6 13. Nxc6 bxc6 14. Bc5 Bxc5 15.
Nxc5 a5 16. Rhe1 O-O 17. a4 Rfe8+ 18. Kd2 Kf8 19. c3 Rxe1 20. Rxe1 Re8 21. Rxe8+ Kxe8 22. Nb7 Ke7 23. Nxa5 c5 24. Bc2 Kd6 25. b4 cxb4 26. cxb4 Ng4 27. f3 Ne5 28. Kc3 f6 29. Kd4 Nf7 30.
Nb7+ Kc7 31. Nc5 Bc6 32. b5 Ba8 33. a5 Ne5 34. b6+ Kd6 35. Ba4 Bc6 36. b7 Kc7 37. a6 Bxa4 38. Nxa4 Nd7 39. Kxd5 Nb8 40. a7 Kxb7 41. axb8=Q+ Kxb8 42. Ke6 Kc7 43. Kf7 Kd7 44. Kxg7 Ke7 45. Kxh7 Kf7 46. g4 Kf8 47. f4 Kf7 48. f5 Kf8 49. h4 Kf7 50. g5 Kf8 51. g6 Ke7 52. g7 Kd6 53. g8=Q Ke5 54. Kg6 Kf4 55. h5 Ke5 56. h6 Kf4 57. h7 Ke5 58. h8=Q Kd6 59. Qxf6+ Kc7 60. Qgf7+ Kb8 61. Qd8# 1-0

[Event "*** Titled Tuesday Blitz"]
[Site "Chess.com"]
[Date "2018.12.04"]
[Round "10"]
[White "Jbd735"]
[Black "ChristopherYoo"]
[Result "0-1"]
[WhiteElo "2488"]
[BlackElo "2434"]
[TimeControl "180+2"]
[EndTime "15:23:24 PST"]
[Termination "ChristopherYoo won on time"]

1. e4 e5 2. Nf3 Nc6 3. Bb5 a6 4. Ba4 Nf6 5. O-O Be7 6. Re1 b5 7. Bb3 d6 8. c3 O-O 9. h3 Nb8 10.
d4 Nbd7 11. Nbd2 Bb7 12. Bc2 Re8 13. Nf1 Bf8 14. Ng3 g6 15. a4 Nb6 16. a5 Nbd7 17.
b3 Rc8 18. Bb2 Bh6 19. c4 bxc4 20. bxc4 exd4 21. Bxd4 Ne5 22. Rb1 Bc6 23. Nxe5 dxe5 24. Bc3 Bf8 25. Qf3 Bc5 26. Red1 Qe7 27. Nf1 Bd4 28.
Bxd4 exd4 29. Rxd4 Nxe4 30. Ng3 Nd2 31. Qxc6 Nxb1 32.
Bxb1 Qe1+ 33. Kh2 Qxb1 34. Ne4 Re6 35. Qd7 Rf8 36. Ng5 Rf6 37. Qxc7 Rxf2 38. Rd8 Qf5 39.
Rxf8+ Kxf8 40. Qd8+ Kg7 41. Qd4+ Qf6 0-1

[Event "*** Titled Tuesday Blitz"]
[Site "Chess.com"]
[Date "2018.12.04"]
[Round "10"]
[White "cool4chess"]
[Black "ENEASZ"]
[Result "0-1"]
[WhiteElo "2255"]
[BlackElo "2551"]
[TimeControl "180+2"]
[EndTime "15:23:24 PST"]
[Termination "ENEASZ won by resignation"]

1. e4 d6 2. d4 Nf6 3. Nc3 e5 4. Nf3 Nbd7 5. Bc4 Be7 6. O-O O-O 7. a4 c6 8. Re1 a5 9. Bb3 exd4 10. Nxd4 Nc5 11. Bc4 Be6 12. Nxe6 fxe6 13. Qe2 d5 14. exd5 cxd5 15. Ba2 Bd6 16. Bg5 h6 17. Bh4 Qc7 18.
Bg3 Bxg3 19. hxg3 Nce4 20. Rad1 Kh8 21. Nb5 Qb6 22. Qe3 Qxe3 23. Rxe3 Ng4 24. Rf3 Ngxf2 25.
Rf1 Rf6 26. R1xf2 Nxf2 27. Rxf2 Rxf2 28. Kxf2 Rc8 29. c3 Rc6 30. Ke3 g6 31. Kd4 Kg7 32.
Ke5 Kf7 33. Bb1 g5 34. Bd3 Ke7 35. Nd4 Rd6 36. Bf5 Rb6 37. Bxe6 Rxb2 38. Bxd5 h5 39. Nb5 b6 40. Kf5 h4 41. gxh4 gxh4 42. Kg4 Rd2 43. Bc4 Rxg2+ 44. Kxh4 Kf6 45. Bd5 Rg1 46. Nd4 Rg7 47. Bc6 Ke5 48. Bb5 Ke4 49. c4 Kxd4 50.
Kh5 Kc5 51. Kh6 Rg4 52. Kh5 Rxc4 0-1

[Event "*** Titled Tuesday Blitz"]
[Site "Chess.com"]
[Date "2018.12.04"]
[Round "10"]
[White "LastGladiator1"]
[Black "Alexander_Donchenko"]
[Result "1-0"]
[WhiteElo "2695"]
[BlackElo "2682"]
[TimeControl "180+2"]
[EndTime "15:23:27 PST"]
[Termination "LastGladiator1 won by resignation"]

1. d4 Nf6 2. c4 e6 3. Nc3 Bb4 4. Nf3 d5 5. Bg5 dxc4 6. Bxf6 Qxf6 7. e3 c5 8. Bxc4 O-O 9. O-O cxd4 10. Ne4 Qg6 11. Bd3 dxe3 12. fxe3 Nc6 13. Qb3 f5 14.
Ng3 Bc5 15. Nh4 Qf7 16. Rxf5 exf5 17. Bc4 Bxe3+ 18. Kh1 Qxc4 19. Qxc4+ Kh8 20. Rf1 f4 21. Qc3 Bg4 22. Ne4 Nd4 23. Nd6 b6 24. Nf3 Nxf3 25. gxf3 Bh3 26. Rd1 h6 27. Rd5 Kg8 28. Re5 Rad8 29. Qc4+ Kh8 30. Qd3 Kg8 31. Qd5+ Kh7 32. Qe4+ Kg8 33. Qd5+ Kh7 34. Re7 Rf6 35. Qe4+ Rg6 36.
Rxg7+ Kxg7 37. Qe7+ Kg8 38. Qf7+ Kh8 39. Qxg6 Bg2+ 40.
Kxg2 1-0

[Event "*** Titled Tuesday Blitz"]
[Site "Chess.com"]
[Date "2018.12.04"]
[Round "10"]
[White "hypert"]
[Black "Korchmar_Vasiliy"]
[Result "0-1"]
[WhiteElo "2421"]
[BlackElo "2769"]
[TimeControl "180+2"]
[EndTime "15:23:29 PST"]
[Termination "Korchmar_Vasiliy won by checkmate"]

1. Nf3 g6 2. g3 Bg7 3. Bg2 c5 4. O-O Nc6 5. c4 e6 6. Nc3 d6 7. a3 Nge7 8. b4 b6 9. b5 Na5 10. Ne1 Bb7 11. Bxb7 Nxb7 12. Bb2 O-O 13. Qc2 d5 14. d3 Nd6 15. Nd1 d4 16. a4 e5 17. e4 f5 18. f3 Qd7 19. Nf2 Rf7 20. a5 Raf8 21. Ng2 g5 22. exf5 Nexf5 23. Bc1 h6 24.
Ne4 Nxe4 25. fxe4 Nh4 26. Rxf7 Qxf7 27. Qe2 Nf3+ 28. Kh1 Qh5 29. Ne1 Nxe1 30. Qxe1 Qf3+ 31. Kg1 Qxd3 32. axb6 axb6 33. Ra6 Rf6 34. Ra8+ Kh7 35. Re8 Qxc4 36. Rxe5 Qxb5 37. Re7 Qc6 38. e5 Re6 39. Rxe6 Qxe6 40. Qe4+ Kg8 41. Qa8+ Kf7 42. Qb7+ Kg6 43. Qe4+ Qf5 44. Qc6+ Kh7 45. e6 Qc2 46. e7 Qxc1+ 47. Kg2 Qd2+ 48. Kh3 g4+ 49. Kh4 Qg5# 0-1

[Event "*** Titled Tuesday Blitz"]
[Site "Chess.com"]
[Date "2018.12.04"]
[Round "10"]
[White "VeraNebolsina"]
[Black "BillForster"]
[Result "1-0"]
[WhiteElo "2362"]
[BlackElo "1727"]
[TimeControl "180+2"]
[EndTime "15:23:29 PST"]
[Termination "VeraNebolsina won by resignation"]

1. e4 c5 2. Nc3 a6 3. g3 b5 4. Bg2 Bb7 5. Nge2 g6 6. O-O Bg7 7.
d3 e6 8. f4 Ne7 9. Be3 d6 10. a4 b4 11. Nb1 Bxb2 12. Nd2 O-O 13. Rb1 Bg7 14. g4 Nd7 15. f5 exf5 16. gxf5 d5 17.
Ng3 dxe4 18. Ndxe4 gxf5 19. Nxf5 Nxf5 20. Rxf5 Qc7 21.
Qh5 Ne5 22. Rg5 Ng6 23. Rxc5 Qe7 24. Rxb4 Bxe4 25. Rxe4 Qd7 26. Rd5 Qb7 27. Rg4 Qb1+ 28. Bf1 Rae8 29. Re4 Rxe4 30. dxe4 Qxc2 31. Qe2 Qxe4 32.
Qd3 Qxd3 33. Bxd3 Re8 34. Kf2 Ne5 35. Bf5 Nc6 36. Bd7 Rd8 37. Bxc6 Rxd5 38. Bxd5 a5 39. Bd2 1-0

[Event "*** Titled Tuesday Blitz"]
[Site "Chess.com"]
[Date "2018.12.04"]
[Round "10"]
[White "DSCC1"]
[Black "Satscho"]
[Result "1-0"]
[WhiteElo "2185"]
[BlackElo "2292"]
[TimeControl "180+2"]
[EndTime "15:23:31 PST"]
[Termination "DSCC1 won by resignation"]

1. Nf3 Nf6 2. c4 g6 3. Nc3 Bg7 4. e3 O-O 5. Be2 d6 6. d4 Nbd7 7.
O-O e5 8. Qc2 Re8 9. Rb1 a5 10.
a3 Nf8 11. dxe5 dxe5 12. b4 axb4 13. axb4 e4 14. Nd4 Ne6 15. Nxe6 Bxe6 16. Bb2 Qe7 17. c5 Bf5 18. Rfd1 Red8 19. Rxd8+ Rxd8 20. Rd1 Rxd1+ 21. Qxd1 b6 22. cxb6 cxb6 23. Qd4 Nd7 24. Qxg7+ Kxg7 25. Nd5+ Qe5 26. Bxe5+ Nxe5 27. Nxb6 Kf8 28. Kf1 Ke7 29. Ke1 Kd6 30. Nc4+ Nxc4 31. Bxc4 f6 32. Kd2 Bc8 33. Kc3 Bb7 34. Kd4 h6 35. h4 g5 36. g3 f5 37. hxg5 hxg5 38.
Bb3 Bc6 39. g4 fxg4 40. Bc2 Bb5 41. Bxe4 Be2 42. Bf5 Ke7 43. Ke5 Kf7 44. Bd7 Ke7 45. Bc6 Kf7 46. b5 Ke7 47. b6 Bf3 48. Bxf3 g3 49. fxg3 1-0

[Event "*** Titled Tuesday Blitz"]
[Site "Chess.com"]
[Date "2018.12.04"]
[Round "10"]
[White "AkibaRubi"]
[Black "theblitzchamp"]
[Result "1-0"]
[WhiteElo "2581"]
[BlackElo "2677"]
[TimeControl "180+2"]
[EndTime "15:23:33 PST"]
[Termination "AkibaRubi won by resignation"]

1. c4 Nf6 2. g3 c5 3. Bg2 d5 4.
cxd5 Nxd5 5. b3 Nb4 6. a3 N4c6 7.
Bb2 e5 8. d3 Be7 9. Nf3 f6 10.
O-O O-O 11. Nc3 Be6 12. Nd2 Qd7 13. Rc1 Na6 14. f4 Rac8 15. Nc4 exf4 16. Rxf4 Nc7 17.
Ne3 Nd4 18. b4 g5 19. Rf1 cxb4 20. axb4 Bxb4 21. Ne4 Bb3 22. Rxc7 Rxc7 23. Qa1 Nxe2+ 24. Kh1 Qxd3 25. Ng4 Bc3 26. Nexf6+ Kh8 27. Qa3 Rd8 28. Qxb3 Bxb2 29. Qxb2 Nd4 30. Qb4 Qc4 31. Qd2 Ne6 32. Qe3 Rf7 33. Qe5 Ng7 34. Re1 Rdf8 35. Qxg5 Qc3 36. Rf1 Qd3 37. Qc1 Qg6 38. Ne5 Qxf6 39. Nxf7+ Qxf7 40. Rxf7 Rxf7 41. Qc8+ Ne8 42. Qxe8+ Kg7 43.
Bd5 Rf6 44. Qe7+ Kg6 45. Be4+ Kg5 46. h4+ Kg4 47. Qxf6 1-0

[Event "*** Titled Tuesday Blitz"]
[Site "Chess.com"]
[Date "2018.12.04"]
[Round "10"]
[White "Chessmatus"]
[Black "tteshan"]
[Result "1/2-1/2"]
[WhiteElo "2181"]
[BlackElo "2132"]
[TimeControl "180+2"]
[EndTime "15:23:41 PST"]
[Termination "Game drawn by agreement"]

1. d4 d5 2. Nf3 Nf6 3. c4 dxc4 4. e3 Bg4 5. Bxc4 e6 6. Nc3 a6 7. h3 Bh5 8. O-O Nc6 9. Bd2 Bd6 10. Rc1 O-O 11. Be2 Re8 12. Ne1 Bxe2 13. Qxe2 Qe7 14.
Nd3 e5 15. d5 Nb4 16. Nxb4 Bxb4 17. e4 Rac8 18. a3 Bxc3 19. Rxc3 Qd7 20. Rfc1 h6 21. f3 Red8 22. Be3 Ne8 23. b4 Nd6 24. Qc2 Nb5 25. Rd3 c6 26. d6 Nxd6 27. Rcd1 Qe7 28. Bc5 Rd7 29. Rxd6 Rxd6 30. Bxd6 Qd8 31. Bxe5 Qb6+ 32. Bd4 Qb5 33. Bb2 a5 34. Qc3 Qg5 35. h4 Qg3 36. bxa5 f6 37. Rd7 Qxh4 38. a4 Ra8 39. e5 Re8 40. Qd2 fxe5 41. Rxb7 Rd8 42. Rd7 Rxd7 43. Qxd7 Qe1+ 44. Kh2 Qh4+ 45. Qh3 Qxa4 46. Qg3 Qxa5 47. Bxe5 g6 48. Qf4 Qd5 49. Qf6 Qd7 50. Qh8+ Kf7 51. Qg7+ Ke6 52. Qxd7+ Kxd7 53. Kg3 Ke6 54. Kf4 c5 55.
Ke4 g5 56. g4 Kf7 57. f4 gxf4 58. Kxf4 Kg6 59. Bc3 c4 60. Be5 h5 61. g5 h4 62.
Bf6 h3 63. Kg3 c3 64. Kxh3 c2 65. Bb2 Kxg5 66. Kg3 1/2-1/2

[Event "*** Titled Tuesday Blitz"]
[Site "Chess.com"]
[Date "2018.12.04"]
[Round "10"]
[White "nitpicker"]
[Black "Oligan22"]
[Result "1/2-1/2"]
[WhiteElo "2182"]
[BlackElo "2290"]
[TimeControl "180+2"]
[EndTime "15:23:41 PST"]
[Termination "Game drawn by repetition"]

1. d4 Nf6 2. c4 e6 3. g3 d5 4. Nf3 c6 5. Qc2 dxc4 6. Qxc4 b5 7. Qc2 Bb7 8. Nbd2 Nbd7 9. Nb3 a5 10. Bg2 a4 11. Nc5 Nxc5 12. dxc5 Qd5 13. Be3 Ng4 14.
Bd4 e5 15. h3 exd4 16. hxg4 Bxc5 17. Rh5 Bb4+ 18. Kf1 Qd6 19. Qe4+ Kf8 20. Rd1 Re8 21.
Qxd4 Qxd4 22. Nxd4 g6 23. Rh4 Be7 24. Rh1 Bf6 25.
b3 axb3 26. Nxb3 Kg7 27. Na5 Re7 28. Nxb7 Rxb7 29. Bxc6 Ra7 30. Bxb5 Rxa2 31. Rd7 Rd8 32. Rxf7+ Kxf7 33. Bc4+ Kg7 34. Bxa2 Rd2 35. Bc4 Rd4 36. Bd3 Rxg4 37. Kg2 h5 38. Rb1 h4 39. Kf3 Ra4 40. gxh4 Bxh4 41. Rb6 g5 42. Rg6+ Kf7 43. Rh6 Rf4+ 44.
Ke3 Bxf2+ 45. Kd2 Bc5 46. Rh7+ Kf6 47. Rh6+ Kf7 48. Rh7+ Kf6 49. Rh6+ Kf7 1/2-1/2

[Event "*** Titled Tuesday Blitz"]
[Site "Chess.com"]
[Date "2018.12.04"]
[Round "10"]
[White "SantoBlue"]
[Black "ckgchess"]
[Result "1-0"]
[WhiteElo "2734"]
[BlackElo "2614"]
[TimeControl "180+2"]
[EndTime "15:23:44 PST"]
[Termination "SantoBlue won by resignation"]

1. Nf3 Nf6 2. g3 c5 3. Bg2 Nc6 4. d4 cxd4 5. Nxd4 g6 6. O-O Bg7 7. Nb3 d5 8. c4 dxc4 9. Qxd8+ Nxd8 10. Na5 O-O 11. Na3 Nc6 12. Nxc6 bxc6 13. Nxc4 Ba6 14. Na5 Bxe2 15. Re1 Ba6 16. Nxc6 e6 17. Nb4 Bb7 18. Bxb7 Rab8 19. Bf3 Rxb4 20. Rd1 Rc8 21. Rb1 h5 22. Bd2 Rd4 23. Be3 Rxd1+ 24. Rxd1 Rc2 25. Rd2 Rxd2 26. Bxd2 Nd5 27. b3 Bc3 28. Bc1 Kf8 29. Kf1 Ke7 30. Ke2 Bf6 31. Bxd5 exd5 32. Kd3 Kd6 33. Be3 a6 34. Bd4 Bd8 35. h3 Kc6 36. f3 Bc7 37. g4 Bd8 38. Ke3 Bg5+ 39. f4 Bd8 40. Kf3 hxg4+ 41. hxg4 Kb5 42. Bc3 Bb6 43. Ke2 d4 44. Bb2 Kc6 45. Kd3 Kd5 46. a4 Bc7 47. Bc1 Bb8 48. Bd2 Bd6 49. b4 Bc7 50. Bc1 Bd6 51. b5 axb5 52. axb5 Kc5 53. Ba3+ Kd5 54. Bxd6 Kxd6 55. Kxd4 f6 56. g5 fxg5 57. fxg5 Ke6 1-0

[Event "*** Titled Tuesday Blitz"]
[Site "Chess.com"]
[Date "2018.12.04"]
[Round "10"]
[White "FMJoseHerrera"]
[Black "Berardino"]
[Result "0-1"]
[WhiteElo "2560"]
[BlackElo "2427"]
[TimeControl "180+2"]
[EndTime "15:23:44 PST"]
[Termination "Berardino won by resignation"]

1. Nf3 Nf6 2. g3 g6 3. Bg2 Bg7 4. d4 O-O 5. Nc3 d5 6. h4 h5 7.
Bg5 Bf5 8. Qc1 Ne4 9. Bh6 Nd7 10.
Bxg7 Kxg7 11. Nxd5 c5 12. Ne3 Ndf6 13. Nxf5+ gxf5 14. dxc5 Qa5+ 15. c3 Qxc5 16. O-O Ng4 17. Nd4 e6 18. f3 Nxg3 19. Qg5+ Kh7 20. fxg4 Rg8 21. Qf6 Rxg4 22. e3 Rag8 23. Rf2 R8g7 24. Kh2 Qc7 25.
Nb5 Nf1+ 26. Kg1 Rxg2+ 27. Rxg2 Qh2+ 28. Kxf1 Qxg2+ 29. Ke1 Qg1+ 30. Kd2 Qxa1 31. c4 Rg2+ 32. Kd3 Qb1+ 33. Kd4 Qxb2+ 34. Nc3 Qb6+ 35. c5 Qc7 36. Kc4 Rg4+ 37. Kb3 b6 38. c6 Rg7 39.
Qd4 Qxc6 40. a4 a6 41. Qf4 b5 42. axb5 axb5 43. Qf3 Qc4+ 44. Kb2 Rg4 45. e4 b4 46.
exf5 Qxc3+ 47. Qxc3 bxc3+ 48. Kb3 exf5 0-1

[Event "*** Titled Tuesday Blitz"]
[Site "Chess.com"]
[Date "2018.12.04"]
[Round "10"]
[White "GMMatamoros"]
[Black "Vuk2000"]
[Result "0-1"]
[WhiteElo "2526"]
[BlackElo "2659"]
[TimeControl "180+2"]
[EndTime "15:23:46 PST"]
[Termination "Vuk2000 won by resignation"]

1. Nf3 d5 2. e3 Nf6 3. c4 e6 4.
Nc3 Be7 5. b3 O-O 6. Bb2 b6 7.
cxd5 exd5 8. g3 Ba6 9. Bxa6 Nxa6 10. d4 Ne4 11. O-O Nb4 12. Qe2 Bd6 13. a3 Nxc3 14. Bxc3 Nc6 15. b4 Ne7 16. b5 Qd7 17. Kg2 Rfc8 18. Bb4 c5 19. bxc6 Nxc6 20. Qb5 Bf8 21. Bxf8 Kxf8 22. Rfc1 Qd6 23. Qa6 Rc7 24. Rc2 Nb4 25.
axb4 Rxc2 26. b5 Rc7 27. Ne5 Qe6 28. Ra2 h5 29. h4 g6 30. Re2 Kg7 31. Qa1 Rac8 32.
Ra2 Ra8 33. Qb2 f6 34. Nf3 Qd7 35. Kg1 Rac8 36. Ne1 Rc1 37. Ra1 Rxa1 38. Qxa1 Qxb5 39. Ng2 a5 40. Nf4 Qc6 41. Kh2 a4 42. Qb1 Qc2 43. Qxb6 Qxf2+ 44. Ng2 Rc2 45. Qb7+ Kh6 46.
Qxd5 Qxg2+ 47. Qxg2 Rxg2+ 0-1

[Event "*** Titled Tuesday Blitz"]
[Site "Chess.com"]
[Date "2018.12.04"]
[Round "10"]
[White "djano"]
[Black "volcanoexplorer"]
[Result "1-0"]
[WhiteElo "2366"]
[BlackElo "2385"]
[TimeControl "180+2"]
[EndTime "15:23:47 PST"]
[Termination "djano won by resignation"]

1. c4 Nf6 2. Nc3 e6 3. g3 Be7 4. Bg2 O-O 5. Nf3 d5 6. d4 b6 7. cxd5 exd5 8. O-O Bb7 9. Bf4 c6 10. Rb1 a5 11. a3 Na6 12. Ne5 Nc7 13. b4 axb4 14. axb4 Ne6 15. Bc1 Nd7 16. b5 Nxe5 17.
dxe5 Ra5 18. bxc6 Bxc6 19. Qb3 Bc5 20. Rd1 Nd4 21. Qb2 Qa8 22. e3 Ne6 23. Nxd5 Ba3 24. Qb3 Ba4 25. Qxb6 Bc5 26. Qb2 Bxd1 27. Ne7+ Bxe7 28.
Bxa8 Rfxa8 29. Bd2 Ra2 30. Qb7 Bc2 31. Rb2 Bd3 32. Rxa2 Rxa2 33. Qxe7 Ra1+ 34. Kg2 Bf1+ 35. Kf3 h5 36. h4 Bh3 37. Qe8+ Kh7 38. Qxf7 Bg4+ 39. Kg2 Ra2 40. Be1 Re2 41. Kf1 Nc5 42.
f3 Rxe3 43. fxg4 Nd3 44. Bd2 Nxe5 45. Qxh5+ Kg8 46. Bxe3 Nc4 47. Qd5+ 1-0

[Event "*** Titled Tuesday Blitz"]
[Site "Chess.com"]
[Date "2018.12.04"]
[Round "10"]
[White "Manukyan_Artak"]
[Black "evgenyermolaev"]
[Result "0-1"]
[WhiteElo "2404"]
[BlackElo "2455"]
[TimeControl "180+2"]
[EndTime "15:23:50 PST"]
[Termination "evgenyermolaev won by checkmate"]

1. e4 c5 2. Nf3 d6 3. Bb5+ Nd7 4. O-O a6 5. Bd3 Ngf6 6. Re1 e5 7. a4 Be7 8. c3 O-O 9. Na3 Qc7 10. Qe2 b6 11. Bc2 Bb7 12. d4 Rac8 13. d5 Ne8 14. c4 g6 15. g4 Ng7 16. Kh1 Rce8 17. Rg1 Bc8 18.
Bh6 Kh8 19. h4 Nf6 20. Nh2 Ng8 21. Bg5 Bxg5 22. hxg5 f6 23. gxf6 Rxf6 24. Bd1 Ref8 25. f3 Ne7 26. Nc2 g5 27. Ne3 Ng6 28. Nf5 Nf4 29. Qf1 Bxf5 30. gxf5 Rh6 31. a5 Qe7 32. axb6 Qf6 33. Rg3 Rh4 34. b7 Ngh5 35. Qf2 Nxg3+ 36. Qxg3 Rh3 37. Qf2 Rb8 38. Rxa6 Rxb7 39. Ra8+ Kg7 40.
Ba4 Nd3 41. Qd2 Rxb2 42. Qa5 Rhxh2+ 43. Kg1 Rhg2+ 44. Kf1 Rgf2+ 45. Kg1 Rb1+ 46. Bd1 Rxd1+ 47. Qe1 Rxe1# 0-1

[Event "*** Titled Tuesday Blitz"]
[Site "Chess.com"]
[Date "2018.12.04"]
[Round "10"]
[White "sandager"]
[Black "PawnEatingZombie"]
[Result "1/2-1/2"]
[WhiteElo "1977"]
[BlackElo "2203"]
[TimeControl "180+2"]
[EndTime "15:23:52 PST"]
[Termination "Game drawn - insufficient material"]

1. e4 e6 2. d4 d5 3. Nd2 c5 4. exd5 Qxd5 5. Ngf3 cxd4 6. Bc4 Qd7 7. O-O Nc6 8. Nb3 a6 9. Nbxd4 Nxd4 10. Qxd4 Qxd4 11. Nxd4 Bd7 12. a4 Nf6 13. Be3 O-O-O 14. Nb3 Bc6 15.
Bb6 Rd6 16. Rfd1 Nd7 17. Be3 Be7 18. Na5 Be4 19. Rxd6 Bxd6 20. c3 Bc7 21. Nb3 Nf6 22. f3 Bd5 23. Nd2 Rd8 24. Bxd5 Nxd5 25. Kf2 Nxe3 26. Kxe3 Bxh2 27. Rh1 Bf4+ 28. Kxf4 Rxd2 29. Rxh7 Rxg2 30. b4 Kc7 31. c4 Kd7 32. b5 axb5 33. axb5 Ke7 34. Ke4 g5 35. Kd4 b6 36. c5 bxc5+ 37.
Kxc5 Rg3 38. b6 Rxf3 39. Kc6 Rc3+ 40. Kb5 Rb3+ 41. Kc6 Kf6 42. b7 g4 43. Rh8 Kf5 44.
Rg8 Kf4 45. Kc7 f5 46. b8=Q Rxb8 47. Kxb8 Kf3 48. Kc7 f4 49. Kd6 g3 50. Ke5 g2 51. Rg7 Kf2 52. Kxf4 g1=Q 53. Rxg1 Kxg1 54.
Ke5 Kg2 55. Kxe6 1/2-1/2

[Event "*** Titled Tuesday Blitz"]
[Site "Chess.com"]
[Date "2018.12.04"]
[Round "10"]
[White "Laico"]
[Black "StoreySniper"]
[Result "0-1"]
[WhiteElo "2272"]
[BlackElo "2408"]
[TimeControl "180+2"]
[EndTime "15:23:54 PST"]
[Termination "StoreySniper won on time"]

1. e4 g6 2. d4 Bg7 3. Nf3 c5 4. dxc5 Qa5+ 5. Bd2 Qxc5 6. Bc3 Nf6 7. Nbd2 Ng4 8. Qe2 Bxc3 9. bxc3 Qxc3 10. Rb1 Nc6 11. Qc4 Qxc4 12. Bxc4 b6 13. O-O Bb7 14. Rfd1 O-O 15. a4 d6 16. Bd5 Rfc8 17. Ng5 Nd8 18.
Ba2 Rxc2 19. Bb3 Rc5 20. h4 h6 21. Nh3 Rac8 22. Nf4 Ne5 23. f3 Kf8 24. Kh2 Ndc6 25.
Nf1 Na5 26. Bd5 Bxd5 27. Nxd5 Nac4 28. Rb4 e6 29. Nde3 Nxe3 30. Nxe3 Ke7 31. h5 Rc3 32. Nf1 R8c4 33. Rb2 Rc2 34. Rxc2 Rxc2 35. hxg6 fxg6 36.
Kg3 Ra2 37. Rd4 Nc6 38. Rc4 Kd7 39. Ne3 Ra3 40. Ng4 Ne5 41. Nxe5+ dxe5 42. Kh3 Kd6 43. Kg3 a5 44. Kh3 Rb3 0-1